 Dungeon Crawl Stone Soup version 0.32-a0-913-g739538afd8 (webtiles) character file.

Game seed: 15628518081587637057

614 smashvw the Trooper (level 7, 0/61 HPs)
             Began as a Mountain Dwarf Fighter on Apr 9, 2024.
             Slain by an iguana (2 damage)
             ... on level 5 of the Dungeon.
             The game lasted 00:06:00 (3080 turns).

smashvw the Trooper (Mountain Dwarf Fighter)        Turns: 3080, Time: 00:06:01

Health: 0/61       AC: 16    Str: 20    XL:     7   Next: 20%
Magic:  7/7        EV:  4    Int:  9    God:
Gold:   182        SH:  5    Dex: 11    Spells: 6/6 levels left

rFire   . . .        a - +0 war axe
rCold   . . .        c - +0 buckler
rNeg    . . .        w - +0 plate armour
rPois   .            k - +2 hat
rElec   .            i - +0 cloak
rCorr   .            g - +0 pair of gloves "Xin Bouh" {Dex+2 Slay+3}
SInv    .            (no boots)
Will    .....        (no amulet) Stlth
                     (no ring)
HPRegen 0.30/turn    (no ring)
MPRegen 0.10/turn

%: no passive effects
@: brilliant, invisible
A: runic magic, artefact enchanting
a: no special abilities


You were on level 5 of the Dungeon.
You visited 1 branch of the dungeon, and saw 5 of its levels.

You collected 182 gold pieces.

Inventory:

Hand Weapons
 a - a +0 war axe (weapon)
Armour
 c - a +0 buckler (worn)
 g - the +0 pair of gloves "Xin Bouh" (worn) {Dex+2 Slay+3}
   (You found it on level 4 of the Dungeon)

   Dex+2:     It affects your dexterity (+2).
   Slay+3:    It affects your accuracy & damage with ranged weapons and melee
   (+3).
 i - a +0 cloak (worn)
 k - a +2 hat (worn)
 w - a +0 plate armour (worn)
Jewellery
 v - a ring of flight
Wands
 o - a wand of warping (10)
Scrolls
 b - a scroll of poison {unknown}
 d - a scroll of blinking {unknown}
 e - 2 scrolls of fog {unknown}
 f - 2 scrolls of vulnerability {unknown}
 h - 5 scrolls of identify {unknown}
 j - a scroll of brand weapon {unknown}
 n - 5 scrolls of teleportation {unknown}
 p - a scroll of revelation {unknown}
Potions
 l - a potion of brilliance
 m - a potion of enlightenment {unknown}
 q - a potion of invisibility
 s - a potion of attraction {unknown}
 t - a potion of ambrosia {unknown}
 u - a potion of haste {unknown}


   Skills:
 + Level 5.5 Fighting
 + Level 5.2 Axes
 - Level 5.0 Armour
 + Level 5.5 Shields


You had 6 spell levels left.
You didn't know any spells.
Your spell library was empty.

Dungeon Overview and Level Annotations

Branches:
Dungeon (5/15)
 Temple: D:4-7

Altars:

Shops:
D:1 [

Annotations:
D:5 Dowan


Innate Abilities, Weirdness & Mutations

Your spellcasting is much less encumbered by armour.
You can use scrolls of enchantment on lesser artefacts.


Message History

You block the stone arrow.
Sorry, you're not good enough to have a special ability.
You feel better. Dowan hits you but does no damage.
You hit Dowan but do no damage.
Dowan is moderately wounded.
Dowan hits you but does no damage. You block Dowan's attack.
You completely miss Dowan.
Dowan is moderately wounded.
You hit the adder. Dowan hits you with a +0 dagger.
* * * LOW HITPOINT WARNING * * *
The adder bites you but does no damage. Dowan barely misses you.
The adder bites you but does no damage.
You hit Dowan.
Dowan is moderately wounded.
You hit the adder. You hit the iguana but do no damage.
You block Dowan's attack. The adder bites you but does no damage.
Dowan casts a spell.
Dowan blinks!
You block the iguana's attack.
It was a potion of brilliance.
You feel clever all of a sudden. The adder bites you but does no damage.
The iguana bites you.
* * * LOW HITPOINT WARNING * * *
The adder barely misses you.
It was a potion of invisibility.
You fade into invisibility!
Dowan barely misses you. You block the adder's attack.
The iguana barely misses you.
You barely miss the adder.
The adder is almost dead.
You barely miss the iguana. You hit Dowan. You block Dowan's attack.
You block the adder's attack. The iguana bites you.
* * * LOW HITPOINT WARNING * * *
Dowan points at you and mumbles some strange words.
The shard of ice hits you.
* * * LOW HITPOINT WARNING * * *
You slash the adder!
You kill the adder!
You barely miss the iguana. You closely miss Dowan. Dowan barely misses you.
The iguana bites you.
You die...

...............
.................
#................
#...............
#...............#
#...............#
#....e.l.......##
#.....@.........
##............#
#...........##
###........##
####.)..## ###
###..# ###.####
##.## ##......#
#.##
###.......###.#


You could see Dowan (fast, unable to see you) and an iguana (unable to see you).

Vanquished Creatures
  Sigmund (D:3)
  Duvessa (D:5)
  A bombardier beetle (D:5)
  A gnoll bouda (D:3)
  An orc wizard (D:5)
  2 sleepcaps
  8 gnolls
  4 adders
  5 dart slugs
  3 ribbon worms
  11 orcs
  6 bats
  3 endoplasms
  2 giant cockroaches
  6 goblins
  10 hobgoblins
  10 kobolds
  3 quokkas
  7 ball pythons
  7 rats
92 creatures vanquished.

Notes
Turn   | Place    | Note
-------+----------+-------------------------------------------
     0 | D:1      | smashvw the Mountain Dwarf Fighter began the quest for the
                  | Orb.
     0 | D:1      | Reached XP level 1. HP: 19/19 MP: 1/1
   124 | D:1      | Reached XP level 2. HP: 23/26 MP: 2/2
   302 | D:1      | Found Xubi Xio's Armour Boutique.
   322 | D:1      | Reached XP level 3. HP: 33/33 MP: 3/3
   802 | D:2      | You fall into a shaft and drop 2 floors!
   843 | D:4      | Reached XP level 4. HP: 25/40 MP: 4/4
   849 | D:4      | HP: 2/40 [poisoned by a gnoll]
  1040 | D:4      | Identified the +0 pair of gloves "Xin Bouh" {Dex+2 Slay+3}
  1447 | D:3      | Noticed Sigmund
  1454 | D:3      | Killed Sigmund
  1455 | D:3      | Reached XP level 5. HP: 45/47 MP: 5/5
  1455 | D:3      | Reached XP level 6. HP: 50/53 MP: 6/6
  2023 | D:3      | Reached skill level 5 in Shields
  2237 | D:3      | Reached skill level 5 in Fighting
  2766 | D:5      | Entered Level 5 of the Dungeon
  2780 | D:5      | Reached skill level 5 in Armour
  2897 | D:5      | Reached skill level 5 in Axes
  2897 | D:5      | Reached XP level 7. HP: 46/61 MP: 7/7
  3051 | D:5      | Noticed Duvessa
  3051 | D:5      | Noticed Dowan
  3057 | D:5      | Killed Duvessa
  3079 | D:5      | HP: 1/61 [Dowan/shard of ice (5)]
  3080 | D:5      | Slain by an iguana

Illustrated notes

Levels and vault maps discovered:
D:1:      evilmike_arrival_rings, layout_basic, serial_shops,
          nicolae_shop_rolling_square
D:2:      layout_basic
D:3:      layout_loops_ring, nicolae_grassy_gnolls, uniq_sigmund
D:4:      layout_basic
D:5:      minmay_opposing_rooms, layout_cave_pods, uniq_duvessa

Skill      XL: |  1  2  3  4  5  6 |
---------------+-------------------+-----
Axes           | 3 4 5 |  5.2
Fighting       | 4 5 |  5.5
Shields        | 4 5 |  5.5
Armour         | 4 5 |  5.0

Action                     |  1- 3 |  4- 6 |  7- 9 || total
---------------------------+-------+-------+-------++-------
  Melee: War axe           |    77 |   134 |    21 ||   232
    Use: Potion            |       |     2 |     3 ||     5
 Armour: Scale mail        |    61 |    10 |       ||    71
         Chain mail        |       |   106 |       ||   106
         Plate armour      |       |     1 |    34 ||    35
  Dodge: Dodged            |    32 |    40 |     8 ||    80
  Block: Buckler           |    17 |    37 |    10 ||    64

Table legend: (Time is in decaauts)
 A = Elapsed time spent in this place.
 B = Non-inter-level travel time spent in this place.
 C = Inter-level travel time spent in this place.
 D = Time resting spent in this place.
 E = Time spent auto-exploring this place.
 F = Levels seen in this place.
 G = Mean time per level.
                   A        B        C        D        E       F      G
               +--------+--------+--------+--------+--------+-----+--------+
         Total |   3157 |   3070 |     87 |    104 |   2320 |   5 |  631.4 |
       Dungeon |   3157 |   3070 |     87 |    104 |   2320 |   5 |  631.4 |
               +--------+--------+--------+--------+--------+-----+--------+

Top non-repeatable levels by time:
     D:1: 756 daAuts
     D:3: 743 daAuts
     D:4: 706 daAuts
     D:2: 621 daAuts
     D:5: 329 daAuts
